 Dungeon Crawl Stone Soup version 0.24.1-1-gd1d2a07e1b (webtiles) character file.

Game seed: 91761691229457518, levelgen mode: deterministic

1388 nightchill the Summoner (level 8, -3/61 HPs)
             Began as a Vampire Summoner on Apr 7, 2020.
             Was an Initiate of Gozag.
             Blown up by an orc warrior (23 damage)
             ... with a disintegration bolt
             ... on level 8 of the Dungeon.
             The game lasted 00:34:21 (10247 turns).

nightchill the Summoner (Vampire Summoner)         Turns: 10247, Time: 00:34:21

Health: -3/61      AC:  6    Str:  7    XL:     8   Next: 40%
Magic:  1/13       EV: 13    Int: 19    God:    Gozag
Gold:   1185       SH:  0    Dex: 15    Spells: 4/14 levels left

rFire    + . .     SeeInvis +   p - +1 falchion (freeze)
rCold    . . .     Gourm    .   (no shield)
rNeg     . . .     Faith    .   a - +0 robe
rPois    .         Spirit   .   v - +2 hat
rElec    .         Reflect  .   (no cloak)
rCorr    .         Harm     .   (no gloves)
MR       .....                  E - +1 pair of boots
Stlth    ++........             (no amulet)
HPRegen  0.40/turn              r - ring of protection from fire
MPRegen  0.13/turn              (no ring)

@: very slightly contaminated, regenerating quickly
A: no food, fangs 3, see invisible, unbreathing
a: Exsanguinate, Potion Petition, Call Merchant, Bribe Branch, Renounce Religion


You were on level 8 of the Dungeon.
You worshipped Gozag.
Gozag was most pleased with you.
You were alive.

You visited 1 branch of the dungeon, and saw 9 of its levels.

You collected 1202 gold pieces.
You paid 17 gold pieces to Gozag.

Inventory:

Hand Weapons
 b - a +0 club
 d - a +0 hunting sling
 e - a +0 dagger
 p - a +1 falchion of freezing (weapon)
Missiles
 c - 31 sling bullets
 h - 181 stones (quivered)
 q - 59 poisoned darts
 w - 4 datura-tipped darts
Armour
 a - a +0 robe (worn)
 s - a +0 leather armour
 v - a +2 hat (worn)
 E - a +1 pair of boots (worn)
Jewellery
 r - a ring of protection from fire (left hand)
Wands
 z - a wand of scattershot (4)
Scrolls
 i - a scroll of random uselessness {unknown}
 j - 5 scrolls of remove curse
 n - 2 scrolls of fog {unknown}
 t - a scroll of immolation {unknown}
 x - 4 scrolls of enchant weapon
 y - a scroll of holy word {unknown}
 A - a scroll of brand weapon {unknown}
Potions
 f - a potion of brilliance
 g - a potion of cancellation {unknown}
 k - a potion of lignification {unknown}
 l - 5 potions of agility {unknown}
 m - 2 potions of invisibility {unknown}
 o - a potion of might {unknown}
 u - 6 potions of curing
 B - a potion of resistance {unknown}
 C - a potion of berserk rage {unknown}
 D - a potion of heal wounds {unknown}


   Skills:
 + Level 4.6 Fighting
 - Level 2.1 Dodging
 - Level 3.0 Stealth
 + Level 3.5 Spellcasting
 * Level 8.7 Summonings
 + Level 2.7 Ice Magic


You had 4 spell levels left.
You knew the following spells:

 Your Spells              Type           Power        Failure   Level  Hunger
a - Summon Small Mammal   Summ           ####         1%          1    N/A
b - Call Imp              Summ           #####...     1%          2    N/A
c - Call Canine Familiar  Summ           #####...     1%          3    N/A
d - Summon Ice Beast      Ice/Summ       ####....     14%         4    N/A

Your spell library contained the following spells:

 Spells                   Type           Power        Failure   Level  Hunger
 Summon Guardian Golem    Hex/Summ       ###.....     8%          3    N/A
 Summon Lightning Spire   Summ/Air       ###.....     24%         4    N/A

Dungeon Overview and Level Annotations

Branches:
Dungeon (9/15)             Temple (0/1) D:6
   Lair: D:8-11         Orc: D:9-12

Altars:
Ashenzari
Elyvilon
Gozag
Hepliaklqana
Kikubaaqudgha
Okawaru
Qazlal
Trog

Shops:
D:6 :

Annotations:
D:3 3 runed translucent doors, hurston's ghost, amateur GrFi
D:4 exclusion: downstairs
D:5 exclusions: downstairs and 2 more exclusions
D:6 2 transporters


Innate Abilities, Weirdness & Mutations

You do not eat.
Your natural rate of healing is unusually fast.
You have razor-sharp teeth.
You have supernaturally acute eyesight. (SInv)
You can survive without breathing.


Message History

Confirm with . or Enter, or press ? or * to list all spells.
A chill wind blows around you. What are your orders? t - Shout!
Orders for allies: a - Attack new target. r - Retreat! s - Stop attacking. g - Guard the area. f - Follow me.
Anything else - Cancel.
Gang up on whom?
Press: ? - help, Dir - move target cursor, f - orc warrior
Aim: an orc warrior, wielding a +0 battleaxe, wearing a cursed +0 chain mail and carrying a wand of disintegration (15) (moderately wounded) Attack!
Your ice beast hits the orc warrior.
Your ice beast freezes the orc warrior!
The orc warrior zaps a wand.
You are blasted!
* * * LOW HITPOINT WARNING * * *
The orc closely misses your ice beast.
Your ice beast closely misses the orc warrior.
The orc hits your ice beast but does no damage.
The orc warrior zaps a wand.
You are blasted!
You die...

.......# #.##.##
#.....# #o##.## #.....#
#.##.##
#[....#########.##.##
#.#....>##.o.o.o..##.##
#......###.#####.......
#####.## #Y##........##
#...# #.##.##.#####
#..@###Y##.##.#
#.....o.......#
###############


You could see an orc warrior.

Vanquished Creatures
  A sky beast (D:5)
  An ogre (D:5)
  A bullfrog (D:6)
  A howler monkey (D:6)
  A crimson imp (D:7)
  An orc priest (D:5)
  A bullfrog skeleton (D:4)
  2 orc wizards
  2 worker ants
  2 adders
  An adder zombie (D:5)
  A dart slug (D:4)
  4 orcs
  A ball python (D:3)
  2 giant cockroaches
  2 goblins
  A hobgoblin (D:3)
  6 jackals
  5 kobolds
  A quokka (D:5)
  7 bats
  5 frilled lizards
  3 jackal skeletons
  A quokka skeleton (D:5)
  A quokka zombie (D:5)
  7 rats
61 creatures vanquished.

Vanquished Creatures (collateral kills)
  Prince Ribbit (D:7)
  A hippogriff (D:8)
  A hornet zombie (D:6)
  3 ogres
  A phantom (D:6)
  A crocodile (D:7)
  A bullfrog (D:7)
  A scorpion (D:5)
  2 crimson imps
  A centaur zombie (D:5)
  A bullfrog skeleton (D:7)
  3 orc priests
  3 orc wizards
  2 centaur skeletons
  7 worker ants
  A hound skeleton (D:6)
  A gnoll (D:1)
  A worker ant zombie (D:5)
  5 adders
  A shadow imp (D:7)
  2 oozes (D:2)
  An adder skeleton (D:6)
  4 worms
  A dart slug (D:2)
  3 leopard geckos (D:1)
  10 orcs
  A giant cockroach (D:5)
  6 goblins
  2 hobgoblins (D:1)
  13 jackals
  7 kobolds
  2 ball pythons
  4 frilled lizards
  2 rats
96 creatures vanquished.

Grand Total: 157 creatures vanquished

Notes
Turn   | Place    | Note
-------+----------+-------------------------------------------
     0 | D:1      | nightchill the Vampire Summoner began the quest for the
                  | Orb.
     0 | D:1      | Reached XP level 1. HP: 13/13 MP: 3/3
   341 | D:1      | Reached XP level 2. HP: 20/20 MP: 0/5
   419 | D:1      | Reached skill level 1 in Fighting
   447 | D:1      | Learned a level 2 spell: Call Imp
   738 | D:1      | Reached XP level 3. HP: 26/26 MP: 1/6
  1027 | D:2      | Learned a level 3 spell: Call Canine Familiar
  1082 | D:2      | Found a stormy altar of Qazlal.
  1407 | D:2      | Found an opulent altar of Gozag.
  1415 | D:2      | Became a worshipper of Gozag Ym Sagoz the Greedy
  1421 | D:2      | Found an ancient bone altar of Kikubaaqudgha.
  1501 | D:2      | Reached skill level 5 in Summonings
  1795 | D:2      | Found an iron altar of Okawaru.
  1974 | D:2      | Found a hazy altar of Hepliaklqana.
  2143 | D:2      | Reached XP level 4. HP: 17/33 MP: 1/7
  2660 | D:3      | Found a runed translucent gate.
  2667 | D:3      | Found a runed translucent gate.
  3024 | D:3      | Found a runed translucent gate.
  3025 | D:3      | Noticed hurston's ghost (amateur GrFi)
  3199 | D:4      | Reached XP level 5. HP: 27/39 MP: 8/8
  3312 | D:4      | Found a white marble altar of Elyvilon.
  3352 | D:4      | Reached skill level 6 in Summonings
  3896 | D:4      | Reached XP level 6. HP: 35/46 MP: 4/9
  4658 | D:5      | Entered Level 5 of the Dungeon
  5654 | D:5      | Found a shattered altar of Ashenzari.
  5741 | D:5      | Reached skill level 7 in Summonings
  6174 | D:5      | Reached XP level 7. HP: 46/52 MP: 1/10
  6253 | D:5      | Learned a level 4 spell: Summon Ice Beast
  6876 | D:5      | Noticed a moth of wrath
  6880 | D:5      | Found a bloodstained altar of Trog.
  7271 | D:6      | Reached skill level 1 in Ice Magic
  7396 | D:6      | Found a transporter.
  7471 | D:6      | Reached skill level 8 in Summonings
  7516 | D:6      | Found a transporter.
  7922 | D:6      | Found a staircase to the Ecumenical Temple.
  7950 | D:6      | Found Gegif's Book Shoppe.
  8245 | D:6      | Reached XP level 8. HP: 59/60 MP: 12/12
  9218 | D:7      | Noticed Prince Ribbit
  9234 | D:7      | Killed Prince Ribbit
  9587 | D:7      | You fall into a shaft and drop 2 floors!
 10100 | D:8      | Noticed a hippogriff
 10114 | D:8      | Killed a hippogriff
 10247 | D:8      | Blown up by an orc warrior

Levels and vault maps discovered:
D:1:      minmay_arrival_nine_rooms, layout_loops_ring
D:2:      layout_basic, nicolae_overflow_hidden_temple,
          nicolae_overflow_crystal_walls, overflow_temple_1_default,
          okawaru_trees_1, grunt_qazlal_clouds
D:3:      layout_rooms, gammafunk_ghost_necromancy
D:4:      layout_gridville, kennysheep_mini, first_ration
D:5:      layout_basic, tgw_trog, lemuel_coloured_pillars_altar, chequers_jeans
D:6:      gammafunk_cloud_chamber, layout_basic,
          minmay_temple_entry_statues_fountains, nicolae_ossuary_entry_ruins,
          serial_shops, nicolae_shop_trees
D:7:      layout_rooms, fedhas_altar_decomposition, old_standard_altar,
          demons_altar, uniq_prince_ribbit1
D:8:      layout_loops_cross, kennysheep_mini_moat, marbit_many_paths,
          uniq_harold
D:9:      layout_stronghold, lair_entry_dummy, serial_shops,
          nicolae_shop_overgrown_old_shop

Skill      XL: |  1  2  3  4  5  6  7 |
---------------+----------------------+-----
Fighting       | 1 2 3 4 |  4.6
Summonings     | 5 6 7 8 |  8.7
Ice Magic      | 2 |  2.7
Spellcasting   | 3 |  3.5
Dodging        | |  2.1
Stealth        | |  3.0

Action                   |  1- 3 |  4- 6 |  7- 9 || total
-------------------------+-------+-------+-------++-------
Melee: Club              |    40 |       |       ||    40
       Unarmed           |     9 |       |       ||     9
       Bite              |    13 |    14 |    10 ||    37
       Dagger            |    81 |    42 |       ||   123
       Falchion          |       |   106 |    72 ||   178
Throw: Stone             |       |       |     1 ||     1
 Cast: Summon Small Mamm |    16 |     1 |       ||    17
       Call Imp          |    24 |    61 |     2 ||    87
       Call Canine Famil |     3 |     3 |       ||     6
       Summon Ice Beast  |       |       |    60 ||    60
Evoke: Wand              |       |       |     3 ||     3
  Use: Scroll            |       |     1 |     4 ||     5
 Stab: Sleeping          |     6 |     2 |     2 ||    10
       Distracted        |       |     2 |     1 ||     3
Armor: Robe              |    34 |    35 |    17 ||    86
Dodge: Dodged            |   145 |   112 |    69 ||   326
       Rpst.: Falchion   |       |    24 |    28 ||    52
